AoeStats
← shadow

Baltic

510767653Analyzed
2v2 RM · 20h ago on Oct 2, 2026· 23m 30s· 4 players
Game mode
Random Map
Map size
Medium (4 player)
Population
200
Speed
Normal
Resources
Standard
Victory
Conquest
Starting age
Dark Age
Ending age
Imperial Age
RankedLock teamsTeams togetherTeam positionsShared explorationLock speedFull tech treeHidden civsTurbo modeCheats
Victory
Defeat
🇬🇧 Koreans · United Kingdom
827
+12
🇨🇳 Huns · China
815
+32
🇭🇰 Danes · Hong Kong SAR China
749
-27
🇨🇳 Chinese · China
749
-29
_Hy_魔君
4:51 Loom
12:45 Feudal Age
17:40 Castle Age
15:50 Double-Bit Axe
15:48 Horse Collar
17:17 Wheelbarrow
16:42 Gold Mining
Olimar
11:00 Feudal Age
11:06 Loom
11:37 Double-Bit Axe
12:53 Wheelbarrow
13:45 Town Watch
18:08 Fletching
21:56 Castle Age
19:58 Fishing Lines
21:59 Crossbowman
22:45 Thumb Ring
22:58 Medium Warships
3978324772
3:05 Loom
11:38 Feudal Age
12:46 Fishing Lines
16:04 Double-Bit Axe
16:59 Wheelbarrow
16:18 Gold Mining
17:14 Stone Mining
22:18 Castle Age
20:32 Horse Collar
21:22 Fletching
23:43 Medium Warships
23:25 Gillnets
24:07 Hand Cart
shadow
11:44 Feudal Age
19:21 Fishing Lines
25:15 Castle Age
Connection lost

Rejoining the realm…

Still unreachable

The connection could not be restored.

Session expired

The server has moved on; the page needs a fresh start.